 Dungeon Crawl Stone Soup version 0.31.0-9-g3a7656b989 (webtiles) character file.

Game seed: 16595333701004817672

4817897 Amplified the Conqueror (level 27, 273/273 HPs)
             Began as a Hill Orc Reaver on Feb 1, 2024.
             Was a High Priest of Jiyva.
             Escaped with the Orb
             ... and 5 runes
             ... and 7 gems on Feb 3, 2024!
             The game lasted 03:33:42 (49618 turns).

Amplified the Conqueror (Hill Orc Reaver)          Turns: 49618, Time: 03:33:43

Health: 273/273    AC: 40    Str: 35    XL:     27
Magic:  46/46      EV: 11    Int: 22    God:    Jiyva [*****.]
Gold:   7415       SH: 21    Dex: 14    Spells: 50/65 levels left

rFire   + + .        h - +8 demon whip of Javyum {vamp, rF+ rCorr Str+4 SInv}
rCold   + + .        E - +3 kite shield
rNeg    + + +        l - +2 gold dragon scales
rPois   +            m - +2 helmet {SInv}
rElec   .            B - +1 cloak {Will+}
rCorr   +            W - +5 pair of gloves "Wouhi" {Int+2}
SInv    +            u - +2 pair of boots
Will    ++++.        i - amulet of reflection Stlth
                     M - ring of False Pretenses {rN++ Will+ Int+6 Stlth-}
HPRegen 2.09/turn    d - ring of Ciuq Qyl {^Drain rF+ rN+ Slay+4 Stlth+}
MPRegen 1.02/turn

%: reflection
@: no status effects
A: fangs 1, agile 1, clever 1, cold resistance 1, deformed body, deterioration
1, strong 2, translucent skin 2, tendrils, jelly absorbing missiles, heat
vulnerability 1, subdued magic 1, MP-powered wands, engulf, noise suppression
0: Orb of Zot
}: 5/15 runes: decaying, slimy, silver, abyssal, gossamer
a: Renounce Religion, Oozemancy, Slimify


You escaped.
You worshipped Jiyva.
Jiyva was extremely pleased with you.
You visited 13 branches of the dungeon, and saw 59 of its levels.
You visited the Abyss 1 time.
You visited 1 ziggurat, and saw 5 of its levels.
You also visited: Sewer, Gauntlet and Ice Cave.

You collected 10704 gold pieces.
You spent 3289 gold pieces at shops.

Inventory:

Hand Weapons
 h - the +8 demon whip of Javyum (weapon) {vamp, rF+ rCorr Str+4 SInv}
   (You found it on level 1 of the Depths)

   Str+4:     It affects your strength (+4).
   rF+:       It protects you from fire.
   SInv:      It lets you see invisible.
   rCorr:     It protects you from acid and corrosion.
 o - a +8 broad axe
 X - the +5 Lochaber axe {reach-cleave, Poleaxe ^Drain}
   (You took it off a deep elf death mage on level 5 of the Vaults)

   Poleaxe:   It uses either Axes or Polearms skill, whichever is higher.
   ^Drain:    It drains your maximum health when unequipped.
Armour
 c - a +0 tower shield
 k - the +0 plate armour of Ifustrupau {-Tele rPois Str+5 Dex+9}
   (You found it on level 12 of the Dungeon)

   Str+5:     It affects your strength (+5).
   Dex+9:     It affects your dexterity (+9).
   rPois:     It protects you from poison -Tele: It prevents most forms of
   teleportation.
 l - +2 gold dragon scales (worn)
 m - a +2 helmet of see invisible (worn)
 q - +0 storm dragon scales
 u - a +2 pair of boots (worn)
 w - the +5 chain mail of Vintur {rF++ Regen+ Str+2}
   (You found it on level 3 of the Elven Halls)

   Str+2:     It affects your strength (+2).
   rF++:      It greatly protects you from fire.
   Regen+:    It increases your rate of health regeneration.
 B - a +1 cloak of willpower (worn)
 E - a +3 kite shield (worn)
 F - the +1 helmet of the Big Bang {rF- rC- MP+9 Slay+5}
   (You found it on level 10 of the Dungeon)

   Slay+5:    It affects your accuracy & damage with ranged weapons and melee
   (+5).
   rF-:       It makes you vulnerable to fire.
   rC-:       It makes you vulnerable to cold.
   MP+9:      It affects your magic capacity (+9).
 K - the +15 Maxwell's patent armour {-Cast -Tele rElec Will+ rCorr}
   (You found it on level 3 of the Elven Halls)

   rElec:     It insulates you from electricity.
   Will+:     It increases your willpower.
   -Cast:     It prevents spellcasting.
   -Tele:     It prevents most forms of teleportation.
   rCorr:     It protects you from acid and corrosion.
 Q - the +9 ring mail of Gozag's Inspiration {-Tele rCorr Int+4}
   (You found it on level 1 of the Vaults)

   Int+4:     It affects your intelligence (+4).
   -Tele:     It prevents most forms of teleportation.
   rCorr:     It protects you from acid and corrosion.
 W - the +5 pair of gloves "Wouhi" (worn) {Int+2}
   (You found it in a Gauntlet)

   Int+2:     It affects your intelligence (+2).
Jewellery
 d - the ring of Ciuq Qyl (right hand) {^Drain rF+ rN+ Slay+4 Stlth+}
   (You took it off a rakshasa on level 2 of the Depths)

   [ring of slaying]

   Slay+4:    It affects your accuracy & damage with ranged weapons and melee
   (+4).
   rF+:       It protects you from fire.
   rN+:       It protects you from negative energy.
   ^Drain:    It drains your maximum health when unequipped.
   Stlth+:    It makes you more stealthy.
 i - an amulet of reflection (around neck)
 y - the ring "Urghaczu" {rPois rF+ rN+ Str+3}
   (You bought it in a shop on level 2 of the Orcish Mines)

   [ring of poison resistance]

   Str+3:     It affects your strength (+3).
   rF+:       It protects you from fire.
   rPois:     It protects you from poison rN+: It protects you from negative
   energy.
 C - the ring of Solesuhumi {*Slow rElec rPois rF+ Dex+4}
   (You found it on level 5 of the Pits of Slime)

   [ring of protection from fire]

   Dex+4:     It affects your dexterity (+4).
   rF+:       It protects you from fire.
   rElec:     It insulates you from electricity.
   rPois:     It protects you from poison *Slow: It may slow you when you take
   damage.
 M - the ring of False Pretenses (left hand) {rN++ Will+ Int+6 Stlth-}
   (You found it on level 3 of the Elven Halls)

   [ring of intelligence]

   Int+6:     It affects your intelligence (+6).
   rN++:      It greatly protects you from negative energy.
   Will+:     It increases your willpower.
   Stlth-:    It makes you less stealthy.
 N - the ring "Ocoatior" {rPois rF+ rCorr Str+4}
   (You found it on level 5 of a ziggurat)

   [ring of resist corrosion]

   Str+4:     It affects your strength (+4).
   rF+:       It protects you from fire.
   rPois:     It protects you from poison rCorr: It protects you from acid and
   corrosion.
 T - a ring of protection from cold
 V - the ring of Jiko {rF+ rN+ Dex+6 SInv}
   (You found it in a Gauntlet)

   [ring of dexterity]

   Dex+6:     It affects your dexterity (+6).
   rF+:       It protects you from fire.
   rN+:       It protects you from negative energy.
   SInv:      It lets you see invisible.
Talismans
 n - a dragon-blood talisman
Wands
 t - a wand of digging (8)
 A - a wand of quicksilver (10)
 G - a wand of roots (41)
 I - a wand of paralysis (56)
 S - a wand of flame (105)
 Z - a wand of mindburst (3)
Scrolls
 j - 20 scrolls of teleportation
 z - 10 scrolls of amnesia
 D - 6 scrolls of fear
 O - a scroll of silence
 P - 4 scrolls of torment
 U - a scroll of vulnerability
Potions
 e - 7 potions of brilliance
 p - 4 potions of heal wounds
 r - 18 potions of ambrosia
 v - 12 potions of curing
 H - 3 potions of mutation
 Y - 5 potions of magic
Miscellaneous
 g - the horn of Geryon
 s - a lightning rod (4/4)
 x - a phial of floods
 J - a tin of tremorstones (1/2)
 L - a box of beasts (inert)
 R - a phantom mirror


   Skills:
 O Level 27 Fighting
 - Level 18.6(19.4) Axes
 - Level 7.6(12.7) Maces & Flails
 * Level 25.9 Armour
 - Level 6.6 Dodging
 - Level 5.3 Stealth
 - Level 15.4 Shields
 - Level 3.1 Unarmed Combat
 * Level 19.7 Spellcasting
 - Level 3.3 Conjurations
 * Level 13.5 Summonings
 - Level 12.1 Necromancy
 - Level 8.5 Translocations
 - Level 12.4 Evocations


You had 50 spell levels left.
You knew the following spells:

 Your Spells              Type           Power      Damage    Failure   Level
a - Apportation           Tloc           90%        N/A       1%          1
b - Dispel Undead         Necr           55%        3d20      1%          4
c - Curse of Agony        Necr           55%        N/A       1%          5
d - Summon Forest         Summ/Tloc      26%        N/A       3%          5

Your spell library contained the following spells:

 Spells                   Type           Power      Damage    Failure   Level
 Kiss of Death            Conj/Necr      100%       2d13      1%          1
 Necrotise                Necr           100%       1d9       1%          1
 Summon Small Mammal      Summ           100%       N/A       1%          1
 Blink                    Tloc           90%        N/A       1%          2
 Call Imp                 Summ           100%       N/A       1%          2
 Momentum Strike          Conj/Tloc      72%        3d10      1%          2
 Call Canine Familiar     Summ           58%        N/A       1%          3
 Fugue of the Fallen      Necr           55%        N/A       1%          3
 Gell's Gravitas          Tloc           45%        N/A       1%          3
 Teleport Other           Tloc           45%        N/A       1%          3
 Vampiric Draining        Necr           55%        2d9       1%          3
 Animate Dead             Necr           55%        N/A       1%          4
 Martyr's Knell           Necr/Summ      57%        N/A       1%          4
 Magic Dart               Conj           100%       1d8       2%          1
 Cigotuvi's Dreadful Rot  Necr/Alch/Air  60%        N/A       2%          2
 Searing Ray              Conj           56%        2d6       3%          2
 Manifold Assault         Tloc           45%        N/A       3%          4
 Passage of Golubria      Tloc           45%        N/A       3%          4
 Foxfire                  Conj/Fire      88%        2x1d8     5%          1
 Shock                    Conj/Air       88%        1d8       5%          1
 Sting                    Conj/Alch      88%        1d8       5%          1
 Volatile Blastmotes      Fire/Tloc      62%        2d15      5%          3
 Summon Cactus Giant      Summ           29%        N/A       6%          6
 Animate Armour           Summ/Erth      78%        N/A       7%          4
 Iskenderun's Mystic Bla  Conj/Tloc      36%        2d9       10%         4
 Freeze                   Ice            64%        1d7       11%         1
 Sandblast                Erth           32%        2d9       11%         1
 Death Channel            Necr           27%        N/A       12%         6
 Ensorcelled Hibernation  Hex/Ice        32%        N/A       17%         2
 Jinxbite                 Hex            32%        N/A       17%         2
 Dazzling Flash           Conj/Hex       44%        N/A       17%         3
 Hailstorm                Conj/Ice       22%        3d7       17%         3
 Stone Arrow              Conj/Erth      44%        3d9       17%         3
 Dimensional Bullseye     Hex/Tloc       15%        N/A       19%         4
 Summon Mana Viper        Hex/Summ       39%        N/A       19%         5
 Borgnjor's Vile Clutch   Necr/Erth      18%        N/A       26%         5
 Confusing Touch          Hex            16%        N/A       32%         3
 Frozen Ramparts          Ice            32%        1d5       32%         3
 Inner Flame              Hex/Fire       16%        N/A       32%         3
 Ozocubu's Armour         Ice            16%        N/A       32%         3
 Passwall                 Erth           16%        N/A       32%         3
 Sigil of Binding         Hex            16%        N/A       32%         3
 Swiftness                Air            16%        N/A       32%         3
 Tukima's Dance           Hex            16%        N/A       32%         3
 Summon Hydra             Summ           29%        N/A       34%         7
 Dispersal                Tloc           22%        N/A       47%         6
 Brom's Barrelling Bould  Conj/Erth      22%        2d4       50%         4
 Flame Wave               Conj/Fire      22%        2d8       50%         4
 Fulminant Prism          Conj/Alch      11%        3d8       50%         4
 Iskenderun's Battlesphe  Conj           28%        2d8       63%         5
 Malign Gateway           Summ/Tloc      26%        N/A       73%         7
 Airstrike                Air            8%         2d(2-18)  75%         4
 Leda's Liquefaction      Alch/Erth      8%         N/A       75%         4
 Petrify                  Alch/Erth      16%        N/A       75%         4
 Sticky Flame             Fire/Alch      16%        2d5       75%         4
 Summon Horrible Things   Summ           29%        N/A       96%         8
 Spellforged Servitor     Conj/Summ      22%        N/A       97%         7
 Alistair's Intoxication  Alch           10%        N/A       98%         5
 Metabolic Englaciation   Hex/Ice        8%         N/A       98%         5
 Yara's Violent Unravell  Hex/Alch       8%         3d5       98%         5
 Bombard                  Conj/Erth      11%        9d3       100%        6
 Eringya's Noxious Bog    Alch           8%         4d6       100%        6
 Plasma Beam              Fire/Air       8%         2x1d18    100%        6
 Sculpt Simulacrum        Ice/Alch       8%         N/A       100%        6
 Starburst                Conj/Fire      11%        6d5       100%        6
 Disjunction              Tloc           22%        N/A       100%        8
 Lehudib's Crystal Spear  Conj/Erth      11%        10d4      100%        8
 Maxwell's Capacitive Co  Air            8%         ∞         100%        8


Dungeon Overview and Level Annotations

Branches:
Dungeon (15/15)            Temple (0/1) D:6            Lair (5/5) D:9
  Swamp (4/4) Lair:3       Spider (4/4) Lair:2        Slime (5/5) Lair:4
    Orc (2/2) D:10            Elf (3/3) Orc:2        Vaults (5/5) D:14
  Crypt (3/3) Vaults:3       Tomb (0/3) Crypt:3      Depths (4/4) D:15
   Hell (visited)             Tar (3/7) Hell            Zot (5/5) Depths:4
  Sewer (visited)           IceCv (visited)         Gauntlet (visited)
    Dis: Hell:1         Geh: Hell:1         Coc: Hell:1

Altars:
Dithmenos
Gozag
Hepliaklqana
Nemelex Xobeh
Qazlal
Ru
Sif Muna
Uskayaw
Vehumet
Wu Jian
Yredelemnul
Zin
The Shining One
Jiyva
Lugonu

Shops:
D:6 [   D:8 :   D:9 [   D:15 ([   Orc:2 (!!=   Elf:1 [?*   Elf:2 ((=   Elf:3 *
Vaults:1 *   Vaults:2 =   Vaults:4 [=[([   Depths:3 !

Portals:
Hell: Depths:1 Depths:2 Depths:3 Depths:4
Abyss: Tar:1 Depths:2 Depths:3
Pandemonium: Depths:2

Annotations:
D:13 Fly
Slime:3 Dissolution
Slime:5 Royal Jelly
Crypt:1 Khufu
Zot:2 2 transporters


Innate Abilities, Weirdness & Mutations

You have very sharp teeth.
You are agile. (Dex +4, Str/Int -1)
Your mind is acute. (Int +4, Str/Dex -1)
Your flesh is cold resistant. (rC+)
Armour fits poorly on your strangely shaped body.
Your body sometimes deteriorates upon taking damage.
Your muscles are very strong. (Str +8, Int/Dex -2)
Your translucent skin reduces your foes' accuracy. (Stealth+)
You are covered in slimy tendrils that may disarm your opponents.
You have a small jelly attached to you that may absorb projectiles.
You are vulnerable to heat. (rF-)
Your spells are a little easier to cast, but a little less powerful.
You expend magic power (3 MP) to strengthen your wands.
Your melee attacks may engulf your foes in ooze.
You passively dampen the noise of your surroundings.


Message History

You hit the Tzitzimitl.
The Tzitzimitl is severely wounded.
You thrash the Tzitzimitl!!
You kill the Tzitzimitl!
You whack the Orb Guardian!
You feel better.
The Orb Guardian is lightly wounded.
You block the Orb Guardian's attack.
You thrash the Orb Guardian!!
You bite the Orb Guardian, but do no damage.
The Orb Guardian is moderately wounded.
The Orb Guardian hits you but does no damage.
You punish the Orb Guardian, causing immense pain!!!
You feel better.
You bite the Orb Guardian, but do no damage.
The Orb Guardian is almost dead.
The Orb Guardian hits you but does no damage.
You block the Orb Guardian's attack.
You thrash the Orb Guardian!!
You kill the Orb Guardian!
No target in view!
No target in view!
No target in view!
What level of the Dungeon? (default 1, ? - help)
You feel yourself speed up.
There is a stone staircase leading up here.
You climb upwards.
There is a stone staircase leading down here.
There is a stone staircase leading up here.
You climb upwards.
There is a stone staircase leading down here.
There is an open door here.
Jiyva says: Divide and consume!
Aiming: Dig
Press: ? - help, Shift-Dir - straight line A rock wall.
This square is covered in magical glow.
You feel a surge of power!
The rock shatters into small pieces.
Unknown command.
There is a staircase leading out of the dungeon here.
You have escaped!

#.# #....###.#.###.# ### #.#
#...........##.#####.# #.#
#.##.....#..##.##.##.# ####.#
##.#..#####..##.##.##.# .....#
#...............##.##.# .###.#
#..##.#######.........#
.###.#####..####≈≈≈≈≈##'###.####
.....#...#..###........8###.#
...#.+...'......@.........+.#
#..###...#.####........8###.#
...# #...#.# ##≈≈≈≈≈##+###.#
##.# #.....# ########......# #.#
#....## #........####.#
##+####'### #.#...........#
.....##.## #.#.###########
.....##..# #.#.# .....###.#
#.#.#


There were no monsters in sight!

Vanquished Creatures
  A dread lich (Vaults:5)
  2 ancient liches
  2 orbs of fire (Zot:5)
  Mennas (Vaults:3)
  Mara (Spider:3)
  A juggernaut (Depths:4)
  Josephina (Depths:4)
  Bai Suzhen (Vaults:4)
  4 Killer Klowns
  2 curse toes (Zot:5)
  Margery (Vaults:2)
  A caustic shrike (Depths:2)
  Geryon (Hell)
  12 golden dragons
  Jory (Vaults:3)
  Norris (Depths:3)
  3 bone dragons
  A pandemonium lord (Zig:4)
  A profane servitor (Crypt:3)
  2 Tzitzimimeh
  Arachne (Spider:3)
  3 doom hounds (Depths:3)
  2 electric golems (Zot:5)
  15 tentacled monstrosities
  A hellephant (Abyss:3)
  A Brimstone Fiend (Zig:4)
  A spectral shard shrike (Crypt:2)
  A walking earthen tome (Depths:3)
  Grunn (Depths:3)
  Zenata (Vaults:1)
  23 Orb Guardians
  3 deep elf blademasters
  6 liches
  2 walking divine tomes (Depths:2)
  12 titans
  4 quicksilver dragons
  A searing wretch (Vaults:2)
  2 deep elf master archers (Elf:3)
  An Executioner (Abyss:3)
  9 ancient champions
  6 death cobs
  13 sphinxes
  6 tentacled starspawn
  17 storm dragons
  Frances (D:12)
  A thorn hunter (Swamp:3)
  Agnes (Spider:1)
  2 revenants
  9 shadow dragons
  8 protean progenitors
  12 tengu reavers
  Donald (Spider:3)
  7 draconian monks
  3 draconian knights
  Aizul (Spider:4)
  11 fire giants
  A fenstrider witch (Swamp:1)
  5 draconian shifters
  10 frost giants
  Louise (Swamp:3)
  6 deep elf sorcerers
  20 vault wardens
  2 draconian scorchers
  A shard shrike simulacrum (Crypt:2)
  An iron dragon (Depths:2)
  A juggernaut zombie (Hell)
  7 ghost moths
  8 draconian stormcallers
  3 deep elf elementalists
  3 reapers (Hell)
  5 emperor scorpions (Spider:4)
  2 orc warlords
  2 broodmothers
  3 balrugs
  20 ironbound preservers
  4 curse skulls
  10 ghouls
  4 draconian annihilators
  3 spriggan defenders
  A caustic shrike skeleton (Hell)
  6 ironbound thunderhulks
  23 very ugly things
  6 green draconians
  17 stone giants
  Nessos (D:14)
  13 vampire knights
  7 deep elf demonologists
  11 white draconians
  8 black draconians
  7 deep elf death magi
  9 eleionomae
  2 lorocyprocas
  16 yellow draconians
  30 dire elephants
  5 bunyips
  11 deep elf annihilators
  18 spark wasps
  9 purple draconians
  A war gargoyle (Vaults:5)
  A minotaur (Gauntlet)
  3 eidola
  13 red draconians
  Azrael (D:15)
  11 fire dragons
  19 jiangshi
  A merfolk javelineer (Depths:1)
  A crystal guardian (Vaults:2)
  2 green deaths
  A shambling mangrove (Swamp:2)
  2 spectral krakens (Crypt:2)
  22 ettins
  8 entropy weavers
  9 yaktaur captains
  A spectral spriggan (Crypt:3)
  41 vault guards
  4 deep elf high priests
  2 peacekeepers
  The ghost of Stonecrops the Fighter, a journeyman FoFi of Gozag (Lair:2)
  24 hydras
  2 jorogumos (Spider:4)
  4 rakshasas
  3 spriggan air magi
  A juggernaut simulacrum (Depths:4)
  3 ghost crabs
  A quicksilver dragon skeleton (Crypt:1)
  9 alligators
  2 salamander tyrants (Depths:3)
  8 ice dragons
  4 radroaches
  2 hell beasts (Hell)
  A catoblepas (Lair:5)
  4 ironbound frosthearts
  5 death knights
  6 ogre magi
  8 boulder beetles
  25 two-headed ogres
  4 tengu warriors
  11 centaur warriors
  The ghost of Killerpretzel the Nimble, a journeyman FeAE of Gozag (D:12)
  10 death yaks (Lair:5)
  An occultist (Depths:2)
  9 deep troll earth magi
  6 demonic crawlers
  7 hell hogs (Hell)
  11 deep troll shamans
  A spriggan berserker (Depths:2)
  23 dancing weapons
  11 hell knights
  7 vampire magi
  4 naga sharpshooters (Depths:3)
  An orc high priest (Orc:2)
  18 deep elf knights
  2 thrashing horrors (Abyss:3)
  5 soul eaters
  6 skysharks
  5 spriggans
  15 sun demons
  58 skeletal warriors
  3 wretched stars (Abyss:3)
  A storm dragon zombie (Vaults:4)
  7 shadow wraiths
  A salamander mystic (Depths:3)
  6 pharaoh ants
  9 iron trolls
  The ghost of Voland the Zephyrmancer, a novice TeAE of Sif Muna (D:7)
  A bunyip zombie (Crypt:3)
  3 goliath frogs
  A shadow demon (D:15)
  2 spatial maelstroms (Abyss:3)
  9 flayed ghosts
  3 sea snakes (Zot:2)
  An anaconda zombie (Hell)
  A death drake (Gauntlet)
  61 deep trolls
  9 orb spiders
  6 arcanists
  13 phantasmal warriors
  3 spriggan druids (Swamp:4)
  A spriggan simulacrum (Crypt:3)
  3 orange crystal statues
  10 lindwurms
  23 ironbound convokers
  3 obsidian statues
  8 swamp dragons
  16 harpies
  18 deep elf archers
  3 sun moths
  6 bog bodies
  23 deep elf zephyrmancers
  36 deep elf pyromancers
  38 ugly things
  2 steelbarb worms
  9 necromancers
  3 lightning spires (Zot:2)
  5 oklob plants (Zot:2)
  3 orc knights (Vaults:3)
  20 wolf spiders
  A goliath frog skeleton (Crypt:1)
  An orc sorcerer (Orc:1)
  5 manticores
  Maurice (D:9)
  3 will-o-the-wisps
  6 cyclopes
  19 elephants
  A worldbinder (Abyss:3)
  A stone giant skeleton (Crypt:3)
  6 salamanders (Depths:3)
  A toenail golem (Zot:3)
  A mana viper zombie (Crypt:2)
  A spectral centaur (Gauntlet)
  31 moths of wrath
  18 vault sentinels
  5 molten gargoyles
  A black mamba (shapeshifter) (Abyss:3)
  An orange demon (Zot:3)
  5 torpor snails
  3 rust devils
  A naga mage (Abyss:3)
  7 black mambas
  A titan simulacrum (Depths:4)
  A water nymph (shapeshifter) (Vaults:4)
  A water nymph (Swamp:2)
  2 gargoyles
  Jeremiah (D:6)
  4 ice statues
  15 smoke demons
  10 cane toads
  11 large abominations
  2 alligator snapping turtle skeletons (Crypt:2)
  A hellion (Hell)
  10 komodo dragons
  2 unseen horrors
  31 yaktaurs
  2 efreet (Abyss:3)
  11 rime drakes
  8 freezing wraiths
  6 ice devils (Hell)
  6 tengu conjurers
  A golden dragon simulacrum (Depths:4)
  An unseen horror skeleton (Crypt:2)
  A queen bee (D:10)
  9 trolls
  5 red devils
  2 harpy zombies
  5 polar bears
  9 tyrant leeches
  A wolf spider simulacrum (D:15)
  3 bloated husks
  2 sea snake skeletons (Hell)
  4 hellwings
  22 tarantellas
  A fire dragon zombie (Crypt:1)
  13 hornets
  2 iron dragon simulacra (Depths:4)
  A tarantella (shapeshifter) (Abyss:3)
  11 blink frogs
  An ettin zombie (Abyss:3)
  A spectral meliai (Gauntlet)
  7 raiju (Abyss:3)
  A glass eye (shapeshifter) (Vaults:2)
  36 jumping spiders
  4 shadows
  9 air elementals
  18 culicivoras
  A vampire (D:12)
  A ynoxinul (Abyss:3)
  10 water elementals
  4 wyverns
  3 fire elementals
  8 wraiths
  A basilisk (Lair:5)
  6 fire bats
  17 starcursed masses (Abyss:3)
  49 yaks
  3 wargs
  2 neqoxecs
  A steam dragon (D:7)
  19 vampire mosquitoes
  2 sea snake simulacra (Crypt:2)
  A chaos spawn (Abyss:3)
  4 small abominations
  5 nagas
  6 spatial vortices (Abyss:3)
  44 redbacks
  A harpy simulacrum (Hell)
  2 acid dragons
  10 hell hounds
  19 swamp worms
  Duvessa (D:5)
  21 water moccasins
  A two-headed ogre skeleton (Crypt:1)
  16 orc warriors
  A water nymph skeleton (Crypt:2)
  10 swamp drakes
  4 ice beasts
  A black bear (Lair:5)
  30 laughing skulls
  A hornet zombie (Crypt:2)
  12 wolves
  A manticore skeleton (Crypt:2)
  36 ogres
  5 boggarts (Vaults:1)
  16 centaurs
  A fire crab zombie (Crypt:2)
  2 brain worms (Abyss:3)
  7 kobold brigands
  A weeping skull (Crypt:3)
  11 bullfrogs
  A human skeleton (Vaults:4)
  3 earth elementals
  5 gnoll sergeants
  6 necrophages
  4 burial acolytes (Crypt:3)
  18 wights
  Dowan (D:5)
  5 lindwurm simulacra (IceCv)
  A water moccasin skeleton (Crypt:2)
  40 killer bees
  4 howler monkeys
  A yak skeleton (Crypt:2)
  12 electric eels
  A lava snake (Elf:2)
  3 crimson imps (Gauntlet)
  6 komodo dragon simulacra (IceCv)
  3 jellies
  4 hounds
  7 orc priests
  Crazy Yiuf (D:6)
  2 gnoll boudas
  2 iguanas
  23 orc wizards
  2 naga zombies
  11 adders
  15 gnolls
  6 acid dragon simulacra (IceCv)
  A river rat (D:4)
  3 white imps
  5 ufetubi
  4 steam dragon simulacra (IceCv)
  3 ribbon worms
  4 dart slugs
  63 orcs
  10 bats
  10 endoplasms
  8 giant cockroaches
  4 goblins
  7 hobgoblins
  19 kobolds
  2 quokkas
  12 ball pythons
  A dart slug zombie (Crypt:1)
  5 frilled lizards
  A kobold zombie (Crypt:2)
  An orc skeleton (Crypt:1)
  11 rats
  2 spectral weapons (Vaults:1)
  7 starspawn tentacles
  3 tentacles (Crypt:2)
2578 creatures vanquished.

Vanquished Creatures (collateral kills)
  An ancient lich (Depths:3)
  An orb of fire (Zot:5)
  Nikola (Spider:3)
  A Brimstone Fiend (Zot:2)
  A curse skull (Crypt:3)
  2 ironbound preservers
  A rakshasa (Zot:2)
  A death knight (Crypt:1)
  A spriggan berserker (Depths:3)
  A hornet (Spider:4)
11 creatures vanquished.

Vanquished Creatures (others)
  Asterion (Vaults:1)
  An azure jelly (Zot:5)
  A draconian knight (Zot:2)
  A quicksilver ooze (Zot:3)
  2 formless jellyfish
  An ironbound preserver (Vaults:3)
  3 dire elephants (Vaults:1)
  A deep elf death mage (Elf:3)
  An eidolon (Vaults:3)
  A yaktaur captain (Vaults:4)
  A rakshasa (Depths:1)
  8 great orbs of eyes
  A boulder beetle (Vaults:1)
  3 glowing orange brains
  A deep troll earth mage (Depths:2)
  2 shock serpents (shapeshifter) (Vaults:5)
  4 deep elf knights (Elf:2)
  A skyshark (Depths:3)
  A goliath frog (Swamp:3)
  4 deep trolls
  An ironbound convoker (Vaults:1)
  A steelbarb worm (shapeshifter) (Vaults:5)
  A steelbarb worm (Spider:4)
  2 deep elf zephyrmancers
  2 deep elf pyromancers (Elf:2)
  An ugly thing (Depths:1)
  A water nymph (Swamp:2)
  A water nymph (shapeshifter) (Vaults:5)
  A tengu conjurer (D:14)
  2 yaktaurs (Vaults:4)
  2 glass eyes (Depths:3)
  3 bloated husks
  A tarantella (Spider:4)
  A dream sheep (shapeshifter) (Vaults:1)
  29 slime creatures
  A water elemental (Depths:1)
  A spriggan (shapeshifter) (Vaults:1)
  A golden eye (Abyss:3)
  A redback (Spider:2)
  A water moccasin (Lair:4)
  2 laughing skulls
  A scorpion (D:7)
  2 killer bees
  298 jellies
  A starcursed mass (Abyss:3)
  A statue (D:6)
  4 gnolls
  An orc (D:10)
  A goblin (D:4)
  3 kobolds (D:11)
  54 foxfires
  9 starspawn tentacles
  9 tentacles (Crypt:2)
479 creatures vanquished.

Grand Total: 3068 creatures vanquished

Notes
Turn   | Place    | Note
-------+----------+-------------------------------------------
     0 | D:1      | Amplified the Hill Orc Reaver began the quest for the Orb.
     0 | D:1      | Reached XP level 1. HP: 18/18 MP: 3/3
   186 | D:1      | Reached XP level 2. HP: 18/25 MP: 4/4
   277 | D:1      | Reached skill level 3 in Fighting
   571 | D:1      | Reached skill level 1 in Armour
   576 | D:1      | Reached XP level 3. HP: 25/31 MP: 5/5
  1550 | D:2      | Reached skill level 5 in Axes
  1934 | D:3      | Reached XP level 4. HP: 39/40 MP: 6/6
  2132 | D:3      | Reached skill level 4 in Fighting
  2233 | D:3      | Identified a scroll of acquirement
  2233 | D:3      | Acquired a +0 helmet of see invisible
  2440 | D:3      | Found a basalt altar of Yredelemnul.
  2446 | D:3      | Found a sacrificial altar of Ru.
  2451 | D:3      | Found a hide-covered altar of Uskayaw.
  2511 | D:3      | Reached XP level 5. HP: 32/46 MP: 7/7
  2850 | D:4      | Found a glowing drain.
  2946 | Sewer    | Entered a sewer
  3007 | Sewer    | Reached XP level 6. HP: 55/55 MP: 8/8
  3048 | Sewer    | Reached skill level 5 in Fighting
  3055 | Sewer    | Found a viscous altar of Jiyva.
  3323 | Sewer    | Became a worshipper of Jiyva Jiurrae the Shapeless
  3721 | D:4      | Reached skill level 1 in Unarmed Combat
  3913 | D:4      | Reached * piety under Jiyva
  4021 | D:4      | Reached XP level 7. HP: 62/62 MP: 9/9
  4102 | D:5      | Entered Level 5 of the Dungeon
  4425 | D:5      | Reached skill level 6 in Fighting
  4508 | D:5      | Noticed Dowan
  4519 | D:5      | Reached ** piety under Jiyva
  4521 | D:5      | Noticed Duvessa
  4528 | D:5      | Killed Duvessa
  4530 | D:5      | Killed Dowan
  4543 | D:5      | Gained mutation: You are dopey. (Int -2) [potion of
                  | mutation]
  4543 | D:5      | Gained mutation: You possess an exceptional clarity of
                  | mind. [potion of mutation]
  4756 | D:6      | Reached XP level 8. HP: 55/71 MP: 10/10
  4804 | D:6      | Found a radiant altar of Vehumet.
  4814 | D:6      | Identified the +4 crystal plate armour of the Baku {rF++}
  4857 | D:6      | Found a runed translucent door.
  4858 | D:6      | Noticed Crazy Yiuf
  4864 | D:6      | Killed Crazy Yiuf
  4982 | D:6      | Noticed Jeremiah
  4989 | D:6      | Reached skill level 7 in Fighting
  5015 | D:6      | Found a staircase to the Ecumenical Temple.
  5017 | D:6      | Found a faded altar of an unknown god.
  5224 | D:7      | Reached skill level 5 in Armour
  5290 | D:7      | Reached skill level 8 in Fighting
  5296 | D:7      | Reached XP level 9. HP: 65/81 MP: 11/11
  5386 | D:7      | Reached *** piety under Jiyva
  5543 | D:7      | Reached skill level 10 in Axes
  5614 | D:7      | Noticed a troll
  5670 | D:7      | Found a runed translucent door.
  5673 | D:7      | Noticed Voland's ghost (novice TeAE)
  5802 | D:8      | Found Daisilo's Vocational Training.
  5807 | D:8      | Reached skill level 9 in Fighting
  6081 | D:8      | Found an ornate altar of the Wu Jian Council.
  6108 | D:8      | Gained mutation: Your translucent skin slightly reduces
                  | your foes' accuracy. (Stealth+) [Jiyva's grace]
  6108 | D:8      | Gained mutation: Your translucent skin reduces your foes'
                  | accuracy. (Stealth+) [Jiyva's grace]
  6108 | D:8      | Gained mutation: Your transparent skin significantly
                  | reduces your foes' accuracy. (Stealth+) [Jiyva's grace]
  6108 | D:8      | Gained mutation: You have sharp toenails. [Jiyva's grace]
  6234 | D:8      | Reached **** piety under Jiyva
  6341 | D:9      | Noticed a troll
  6348 | D:9      | Killed a troll
  6351 | D:9      | Noticed a rime drake
  6353 | D:9      | Noticed a hornet
  6362 | D:9      | Killed a rime drake
  6363 | D:9      | Reached skill level 10 in Fighting
  6363 | D:9      | Reached XP level 10. HP: 92/93 MP: 12/12
  6397 | D:9      | Noticed Maurice
  6406 | D:9      | Killed Maurice
  6469 | D:9      | Found a staircase to the Lair.
  6530 | D:9      | Learned a level 1 spell: Apportation
  6639 | D:9      | Noticed a two-headed ogre
  6646 | D:9      | Killed a two-headed ogre
  6647 | D:9      | Reached skill level 11 in Fighting
  6735 | D:9      | Found Siclesh's Antique Armour Shop.
  6743 | D:9      | Bought a kite shield for 117 gold pieces
  6805 | D:9      | Reached ***** piety under Jiyva
  6869 | D:10     | Entered Level 10 of the Dungeon
  6877 | D:10     | Reached skill level 1 in Shields
  6899 | D:10     | Noticed a two-headed ogre
  6914 | D:10     | Killed a two-headed ogre
  6915 | D:10     | Reached XP level 11. HP: 104/104 MP: 13/13
  6972 | D:10     | Found a shadowy altar of Dithmenos.
  6976 | D:10     | Found a glowing silver altar of Zin.
  6978 | D:10     | Found a shimmering blue altar of Sif Muna.
  7080 | D:10     | Found a staircase to the Orcish Mines.
  7201 | D:10     | Found a large runed translucent door.
  7201 | D:10     | Found a large runed translucent door.
  7205 | D:10     | Found a large runed translucent door.
  7205 | D:10     | Found a large runed translucent door.
  7206 | D:10     | Noticed a deep elf pyromancer
  7206 | D:10     | Noticed a cyclops
  7239 | D:10     | Reached skill level 12 in Fighting
  7292 | D:10     | Reached skill level 10 in Armour
  7575 | D:11     | Lost mutation: You have sharp toenails. [Jiyva's grace]
  7575 | D:11     | Lost mutation: You possess an exceptional clarity of mind.
                  | [Jiyva's grace]
  7575 | D:11     | Lost mutation: Your transparent skin significantly reduces
                  | your foes' accuracy. (Stealth+) [Jiyva's grace]
  7575 | D:11     | Gained mutation: Your muscles are strong. (Str +4, Int/Dex
                  | -1) [Jiyva's grace]
  7575 | D:11     | Gained mutation: Your muscles are very strong. (Str +8,
                  | Int/Dex -2) [Jiyva's grace]
  7575 | D:11     | Gained mutation: Your body has grown eyes which may confuse
                  | attackers. (Acc +3) [Jiyva's grace]
  7575 | D:11     | Gained mutation: Your body has grown many eyes which may
                  | confuse attackers. (Acc +5) [Jiyva's grace]
  7601 | D:11     | Noticed a two-headed ogre
  7615 | D:11     | Killed a two-headed ogre
  7722 | D:11     | Noticed a boulder beetle
  7759 | D:11     | Killed a boulder beetle
  7760 | D:11     | Reached skill level 5 in Shields
  7777 | D:11     | Noticed a boulder beetle
  7792 | D:11     | Killed a boulder beetle
  8065 | D:12     | Noticed a manticore
  8070 | D:12     | Noticed a tengu reaver
  8077 | D:11     | Reached XP level 12. HP: 112/113 MP: 14/14
  8089 | D:12     | Noticed Killerpretzel's ghost (journeyman FeAE)
  8090 | D:12     | Noticed a boulder beetle
  8099 | D:12     | Found a transporter.
  8118 | D:12     | Found a transporter.
  8133 | D:12     | Noticed a boulder beetle
  8138 | D:12     | Reached skill level 13 in Fighting
  8140 | D:12     | Reached skill level 10 in Shields
  8140 | D:12     | Reached XP level 13. HP: 114/122 MP: 15/15
  8141 | D:12     | Reached XP level 14. HP: 123/129 MP: 16/16
  8167 | D:12     | Noticed Frances
  8168 | D:12     | Gained mutation: You are very dopey. (Int -4) [a neqoxec]
  8185 | D:12     | Killed Frances
  8245 | D:12     | Found a shadowy altar of Dithmenos.
  8343 | D:12     | Identified the +0 plate armour of Ifustrupau {-Tele rPois
                  | Str+5 Dex+9}
  8727 | D:6      | Killed Jeremiah
  8747 | D:6      | Found Renoeg's Antique Armour Shop.
  8751 | D:6      | Bought a runed kite shield for 172 gold pieces
  8859 | D:7      | Killed Voland's ghost
  9707 | D:10     | Identified the +1 helmet of the Big Bang {rF- rC- MP+9
                  | Slay+5}
  9977 | D:13     | Reached skill level 15 in Axes
 10164 | D:13     | Reached ****** piety under Jiyva
 10335 | D:13     | Lost mutation: You are very dopey. (Int -4) [Jiyva's grace]
 10335 | D:13     | Lost mutation: Your translucent skin reduces your foes'
                  | accuracy. (Stealth+) [Jiyva's grace]
 10335 | D:13     | Gained mutation: Your body is covered in eyes which may
                  | confuse attackers. (Acc +7, SInv) [Jiyva's grace]
 10335 | D:13     | Gained mutation: Your translucent skin reduces your foes'
                  | accuracy. (Stealth+) [Jiyva's grace]
 10335 | D:13     | Gained mutation: Your transparent skin significantly
                  | reduces your foes' accuracy. (Stealth+) [Jiyva's grace]
 10335 | D:13     | Lost mutation: You are dopey. (Int -2) [Jiyva's grace]
 10845 | Orc:1    | Entered Level 1 of the Orcish Mines
 11173 | Orc:2    | Entered Level 2 of the Orcish Mines
 11173 | Orc:2    | Found a staircase to the Elven Halls.
 11190 | Orc:2    | Reached skill level 14 in Fighting
 11385 | Orc:2    | Reached skill level 15 in Shields
 11385 | Orc:2    | Reached XP level 15. HP: 139/139 MP: 17/17
 11408 | Orc:2    | Found Wiuxal's Distillery.
 11408 | Orc:2    | Found Necze's Jewellery Shop.
 11412 | Orc:2    | Found Lalem's Antique Weapon Boutique.
 11412 | Orc:2    | Found Wofurob's Distillery.
 11438 | Orc:2    | Bought the ring "Urghaczu" {rPois rF+ rN+ Str+3} for 534
                  | gold pieces
 11442 | Orc:2    | Bought a potion of heal wounds for 55 gold pieces
 11442 | Orc:2    | Bought a potion of heal wounds for 55 gold pieces
 11540 | Orc:2    | Noticed an orc warlord
 11569 | Orc:2    | Killed an orc warlord
 11571 | Orc:2    | Reached skill level 15 in Fighting
 11797 | Orc:1    | Lost mutation: Your muscles are very strong. (Str +8,
                  | Int/Dex -2) [Jiyva's grace]
 11797 | Orc:1    | Lost mutation: Your body is covered in eyes which may
                  | confuse attackers. (Acc +7, SInv) [Jiyva's grace]
 11797 | Orc:1    | Lost mutation: Your transparent skin significantly reduces
                  | your foes' accuracy. (Stealth+) [Jiyva's grace]
 11797 | Orc:1    | Gained mutation: You are covered in slimy tendrils that may
                  | disarm your opponents. [Jiyva's grace]
 11797 | Orc:1    | Gained mutation: You have large cloven feet. [Jiyva's
                  | grace]
 11797 | Orc:1    | Gained mutation: You have hoof-like feet. [Jiyva's grace]
 11797 | Orc:1    | Gained mutation: You have hooves in place of feet. [Jiyva's
                  | grace]
 11969 | Lair:1   | Entered Level 1 of the Lair of Beasts
 12614 | Lair:3   | Found a frozen archway.
 12640 | IceCv    | Entered an ice cave
 12664 | IceCv    | Lost mutation: You have hooves in place of feet. [Jiyva's
                  | grace]
 12664 | IceCv    | Lost mutation: You have hoof-like feet. [Jiyva's grace]
 12664 | IceCv    | Lost mutation: Your muscles are strong. (Str +4, Int/Dex
                  | -1) [Jiyva's grace]
 12664 | IceCv    | Lost mutation: Your body has grown many eyes which may
                  | confuse attackers. (Acc +5) [Jiyva's grace]
 12664 | IceCv    | Gained mutation: You possess an exceptional clarity of
                  | mind. [Jiyva's grace]
 12664 | IceCv    | Gained mutation: Your melee attacks may engulf your foes in
                  | ooze. [Jiyva's grace]
 12664 | IceCv    | Gained mutation: Your transparent skin significantly
                  | reduces your foes' accuracy. (Stealth+) [Jiyva's grace]
 12664 | IceCv    | Gained mutation: You are somewhat resistant to further
                  | mutation. [Jiyva's grace]
 13206 | Lair:4   | Identified the +3 scale mail of Discretion {Int+5}
 13216 | Lair:4   | Reached skill level 16 in Fighting
 13322 | Lair:4   | Found a viscous altar of Jiyva.
 13322 | Lair:4   | Found a staircase to the Slime Pits.
 13338 | Lair:5   | Entered Level 5 of the Lair of Beasts
 13340 | Lair:5   | Got the Codex of the Conjured Wind
 13567 | Lair:5   | Reached XP level 16. HP: 152/152 MP: 22/22
 13607 | Lair:5   | Reached skill level 5 in Dodging
 13632 | Lair:5   | Got an earthy gem with 2513 turns to spare
 13642 | Lair:5   | Identified the +0 ring mail of Submission {Str+2 Dex+4
                  | Stlth+}
 13755 | Lair:5   | Reached skill level 5 in Spellcasting
 13819 | Lair:5   | Reached skill level 18 in Fighting
 13819 | Lair:5   | Reached XP level 17. HP: 163/163 MP: 24/24
 13942 | Lair:5   | Lost mutation: You have large cloven feet. [Jiyva's grace]
 13942 | Lair:5   | Gained mutation: You have a small jelly attached to you
                  | that may absorb projectiles. [Jiyva's grace]
 13942 | Lair:5   | Lost mutation: Your transparent skin significantly reduces
                  | your foes' accuracy. (Stealth+) [Jiyva's grace]
 13942 | Lair:5   | Lost mutation: Your translucent skin reduces your foes'
                  | accuracy. (Stealth+) [Jiyva's grace]
 13942 | Lair:5   | Lost mutation: Your translucent skin slightly reduces your
                  | foes' accuracy. (Stealth+) [Jiyva's grace]
 13942 | Lair:5   | Gained mutation: Your skin changes colour to match your
                  | surroundings (Stealth+). [Jiyva's grace]
 13942 | Lair:5   | Gained mutation: Your skin blends seamlessly with your
                  | surroundings (Stealth++). [Jiyva's grace]
 13942 | Lair:5   | Gained mutation: Your skin perfectly mimics your
                  | surroundings (Stealth+++). [Jiyva's grace]
 14657 | Lair:3   | Found a staircase to the Swamp.
 15221 | Lair:2   | Found a runed translucent gate.
 15222 | Lair:2   | Found a runed translucent gate.
 15229 | Lair:2   | Found a runed translucent gate.
 15230 | Lair:2   | Noticed Stonecrops's ghost (journeyman FoFi)
 15261 | Lair:2   | Killed Stonecrops's ghost
 15401 | Lair:2   | Found a hole to the Spider Nest.
 15556 | Lair:1   | Lost mutation: You are covered in slimy tendrils that may
                  | disarm your opponents. [Jiyva's grace]
 15556 | Lair:1   | Lost mutation: You have a small jelly attached to you that
                  | may absorb projectiles. [Jiyva's grace]
 15556 | Lair:1   | Gained mutation: You are covered in slimy tendrils that may
                  | disarm your opponents. [Jiyva's grace]
 15556 | Lair:1   | Gained mutation: Your body has grown many eyes which may
                  | confuse attackers. (Acc +5) [Jiyva's grace]
 15556 | Lair:1   | Gained mutation: Your body is covered in eyes which may
                  | confuse attackers. (Acc +7, SInv) [Jiyva's grace]
 15556 | Lair:1   | Gained mutation: You are strong-willed. (Will+) [Jiyva's
                  | grace]
 15881 | D:14     | Found a gate to the Vaults.
 15905 | D:14     | Reached skill level 1 in Stealth
 16079 | D:14     | Found a gate leading to a gauntlet.
 16103 | Gauntlet | Entered a Gauntlet
 16103 | Gauntlet | Found a transporter.
 16103 | Gauntlet | Found a transporter.
 16107 | Gauntlet | Found a transporter.
 16107 | Gauntlet | Found a transporter.
 16116 | Gauntlet | Found a transporter.
 16135 | Gauntlet | Found a transporter.
 16137 | Gauntlet | Found a transporter.
 16145 | Gauntlet | Found a transporter.
 16145 | Gauntlet | Found a transporter.
 16176 | Gauntlet | Found a transporter.
 16188 | Gauntlet | Found a transporter.
 16206 | Gauntlet | Found a transporter.
 16251 | Gauntlet | Found a transporter.
 16272 | Gauntlet | Found a transporter.
 16371 | Gauntlet | Found a transporter.
 16386 | Gauntlet | Found a transporter.
 16482 | Gauntlet | Reached skill level 19 in Fighting
 16530 | Gauntlet | Identified the ring of Jiko {rF+ rN+ Dex+6 SInv}
 16535 | Gauntlet | Identified the +5 pair of gloves "Wouhi" {Int+2}
 16690 | Gauntlet | Identified the +0 ring mail "Lax Sashi" {Dex+2 Stlth+}
 16742 | D:14     | Noticed Nessos
 16767 | D:14     | Killed Nessos
 16910 | D:14     | Reached XP level 18. HP: 176/176 MP: 28/28
 17060 | D:15     | Entered Level 15 of the Dungeon
 17079 | D:15     | Noticed Azrael
 17096 | D:15     | Killed Azrael
 17274 | D:15     | Found a staircase to the Depths.
 17352 | D:15     | Lost mutation: Your skin perfectly mimics your surroundings
                  | (Stealth+++). [Jiyva's grace]
 17352 | D:15     | Lost mutation: Your skin blends seamlessly with your
                  | surroundings (Stealth++). [Jiyva's grace]
 17352 | D:15     | Lost mutation: You are somewhat resistant to further
                  | mutation. [Jiyva's grace]
 17352 | D:15     | Lost mutation: You are covered in slimy tendrils that may
                  | disarm your opponents. [Jiyva's grace]
 17352 | D:15     | Gained mutation: You have an increased reservoir of magic.
                  | (+10% MP) [Jiyva's grace]
 17352 | D:15     | Gained mutation: You have a considerably increased
                  | reservoir of magic. (+20% MP) [Jiyva's grace]
 17352 | D:15     | Gained mutation: You have a greatly increased reservoir of
                  | magic. (+30% MP) [Jiyva's grace]
 17352 | D:15     | Gained mutation: You have acidic saliva. [Jiyva's grace]
 17392 | D:15     | Found Dice's Antique Armour Shop.
 17406 | D:15     | Reached skill level 5 in Stealth
 17414 | D:15     | Bought a fine chain mail for 294 gold pieces
 17414 | D:15     | Identified the +1 chain mail of Wiguwikh {Slay+2} (You
                  | bought it in a shop on level 15 of the Dungeon)
 17898 | D:15     | Found Tumaodott's Antique Weapon Shop.
 17902 | D:15     | Bought a glowing broad axe for 294 gold pieces
 18218 | D:12     | Killed Killerpretzel's ghost
 18398 | Spider:1 | Entered Level 1 of the Spider Nest
 18481 | Spider:2 | Reached skill level 1 in Evocations
 18521 | Spider:3 | Noticed Mara
 18533 | Spider:3 | Noticed Amplified's illusion
 18571 | Spider:3 | Noticed Amplified's illusion
 18580 | Spider:3 | Noticed Amplified's illusion
 18581 | Spider:3 | Killed Mara
 18671 | Spider:3 | Reached skill level 20 in Fighting
 18777 | Spider:4 | Entered Level 4 of the Spider Nest
 18898 | Spider:4 | Identified the serpent talisman of Ynay {Int+3}
 18898 | Spider:4 | Noticed Aizul
 18918 | Spider:4 | Killed Aizul
 18976 | Spider:4 | Identified the +2 scale mail "Beej" {-Cast Harm rElec rN++}
 19101 | Spider:4 | Lost mutation: Your body is covered in eyes which may
                  | confuse attackers. (Acc +7, SInv) [Jiyva's grace]
 19101 | Spider:4 | Gained mutation: Your mind is acute. (Int +4, Str/Dex -1)
                  | [Jiyva's grace]
 19101 | Spider:4 | Gained mutation: Your mind is very acute. (Int +8, Str/Dex
                  | -2) [Jiyva's grace]
 19101 | Spider:4 | Gained mutation: You have a small jelly attached to you
                  | that senses nearby items. [Jiyva's grace]
 19101 | Spider:4 | Gained mutation: Your flesh is cold resistant. (rC+)
                  | [Jiyva's grace]
 19187 | Spider:4 | Reached skill level 5 in Evocations
 19334 | Spider:4 | Got a milky-white gem with 1534 turns to spare
 19336 | Spider:4 | Got a gossamer rune of Zot
 19542 | Spider:3 | Reached XP level 19. HP: 184/188 MP: 41/41
 19658 | Spider:3 | Noticed Nikola
 19675 | Spider:3 | Killed Nikola
 19785 | Spider:3 | Noticed Donald
 19795 | Spider:3 | Killed Donald
 19796 | Spider:3 | Reached skill level 21 in Fighting
 19932 | Spider:3 | Identified the +2 glaive of Ajuacitz {drain, rPois rN+
                  | Int-3 Dex+6}
 20063 | Spider:3 | Noticed Arachne
 20084 | Spider:3 | Killed Arachne
 20957 | Spider:1 | Noticed Agnes
 20968 | Spider:1 | Killed Agnes
 21016 | Spider:1 | Lost mutation: You possess an exceptional clarity of mind.
                  | [Jiyva's grace]
 21016 | Spider:1 | Lost mutation: Your flesh is cold resistant. (rC+) [Jiyva's
                  | grace]
 21016 | Spider:1 | Lost mutation: You have a greatly increased reservoir of
                  | magic. (+30% MP) [Jiyva's grace]
 21016 | Spider:1 | Lost mutation: You have acidic saliva. [Jiyva's grace]
 21016 | Spider:1 | Gained mutation: You are highly strong-willed. (Will++)
                  | [Jiyva's grace]
 21016 | Spider:1 | Gained mutation: You are extremely strong-willed. (Will+++)
                  | [Jiyva's grace]
 21016 | Spider:1 | Lost mutation: Your skin changes colour to match your
                  | surroundings (Stealth+). [Jiyva's grace]
 21016 | Spider:1 | Gained mutation: Your translucent skin slightly reduces
                  | your foes' accuracy. (Stealth+) [Jiyva's grace]
 21016 | Spider:1 | Gained mutation: Your translucent skin reduces your foes'
                  | accuracy. (Stealth+) [Jiyva's grace]
 21293 | Spider:1 | Reached skill level 10 in Spellcasting
 22095 | Swamp:1  | Entered Level 1 of the Swamp
 22218 | Swamp:3  | Noticed Louise
 22243 | Swamp:3  | Killed Louise
 22523 | Swamp:3  | Reached skill level 22 in Fighting
 22524 | Swamp:4  | Entered Level 4 of the Swamp
 22551 | Swamp:4  | Lost mutation: You have a considerably increased reservoir
                  | of magic. (+20% MP) [Jiyva's grace]
 22551 | Swamp:4  | Lost mutation: You are extremely strong-willed. (Will+++)
                  | [Jiyva's grace]
 22551 | Swamp:4  | Gained mutation: You are somewhat resistant to further
                  | mutation. [Jiyva's grace]
 22551 | Swamp:4  | Gained mutation: You are somewhat resistant to both further
                  | mutation and mutation removal. [Jiyva's grace]
 22551 | Swamp:4  | Gained mutation: You are almost entirely resistant to
                  | further mutation and mutation removal. [Jiyva's grace]
 22551 | Swamp:4  | Gained mutation: Your muscles are strong. (Str +4, Int/Dex
                  | -1) [Jiyva's grace]
 22718 | Swamp:4  | Reached XP level 20. HP: 167/200 MP: 38/38
 22782 | Swamp:4  | Got a mossy gem with 1119 turns to spare
 22785 | Swamp:4  | Got a decaying rune of Zot
 23239 | Swamp:3  | Reached skill level 10 in Evocations
 23806 | Swamp:1  | Found a glowing golden altar of the Shining One.
 23835 | Swamp:1  | Lost mutation: Your translucent skin reduces your foes'
                  | accuracy. (Stealth+) [Jiyva's grace]
 23835 | Swamp:1  | Lost mutation: Your melee attacks may engulf your foes in
                  | ooze. [Jiyva's grace]
 23835 | Swamp:1  | Gained mutation: You possess an exceptional clarity of
                  | mind. [Jiyva's grace]
 23835 | Swamp:1  | Gained mutation: Armour fits poorly on your pseudopods.
                  | [Jiyva's grace]
 23835 | Swamp:1  | Gained mutation: Armour fits poorly on your large
                  | pseudopods. [Jiyva's grace]
 23835 | Swamp:1  | Gained mutation: Armour fits poorly on your massive
                  | pseudopods. [Jiyva's grace]
 24057 | Slime:1  | Entered Level 1 of the Pits of Slime
 24068 | Slime:1  | Found a viscous altar of Jiyva.
 24104 | Slime:5  | Entered Level 5 of the Pits of Slime
 24129 | Slime:5  | Found a viscous altar of Jiyva.
 24143 | Slime:5  | Got a starry gem with 516 turns to spare
 24149 | Slime:5  | Got the Encyclopedia of the Deep Freeze and Resurrection
 24153 | Slime:5  | Got the Atlas of the Blind Marksman
 24156 | Slime:5  | Got a slimy rune of Zot
 24167 | Slime:5  | Identified the ring of Curiosity {rPois MP+9 Str+4}
 24169 | Slime:5  | Identified the +7 plate armour "Qaossug" {Harm rElec}
 24177 | Slime:5  | Identified the ring of Solesuhumi {*Slow rElec rPois rF+
                  | Dex+4}
 24189 | Slime:5  | Identified the +0 pair of boots of the Boiling Point
                  | {*Corrode rPois rN+ Int+3}
 24196 | Slime:5  | Noticed the Royal Jelly
 24226 | Slime:5  | Identified the +0 ring mail of Xysye {rC- Will+ Dex+4 SInv}
 24248 | Slime:3  | Noticed Dissolution
 24512 | Vaults:1 | Entered Level 1 of the Vaults
 24521 | Vaults:1 | Identified the +3 scimitar of the Fool {spect, Int+2}
 24581 | Vaults:1 | Identified the +9 ring mail of Gozag's Inspiration {-Tele
                  | rCorr Int+4}
 24798 | Vaults:1 | Reached skill level 23 in Fighting
 25002 | Vaults:1 | Noticed Zenata
 25035 | Vaults:1 | Killed Zenata
 25108 | Vaults:1 | Noticed Asterion
 25120 | Vaults:1 | Killed Asterion
 25134 | Vaults:1 | Found Xedocuss's General Store.
 25295 | Vaults:1 | Found the +5 glaive of the Guard {elec, spectral}
 25509 | Vaults:2 | Reached XP level 21. HP: 175/212 MP: 40/40
 25634 | Vaults:2 | Lost mutation: You are highly strong-willed. (Will++)
                  | [Jiyva's grace]
 25634 | Vaults:2 | Lost mutation: You are strong-willed. (Will+) [Jiyva's
                  | grace]
 25634 | Vaults:2 | Lost mutation: You are almost entirely resistant to further
                  | mutation and mutation removal. [Jiyva's grace]
 25634 | Vaults:2 | Lost mutation: Armour fits poorly on your massive
                  | pseudopods. [Jiyva's grace]
 25634 | Vaults:2 | Lost mutation: You have a small jelly attached to you that
                  | senses nearby items. [Jiyva's grace]
 25634 | Vaults:2 | Gained mutation: You are strong-willed. (Will+) [Jiyva's
                  | grace]
 25634 | Vaults:2 | Gained mutation: You are highly strong-willed. (Will++)
                  | [Jiyva's grace]
 25634 | Vaults:2 | Gained mutation: You are extremely strong-willed. (Will+++)
                  | [Jiyva's grace]
 25634 | Vaults:2 | Gained mutation: You have acidic saliva. [Jiyva's grace]
 25651 | Vaults:2 | Noticed Margery
 25674 | Vaults:2 | Found Sanits's Jewellery Shoppe.
 25682 | Vaults:2 | Bought an amulet of the acrobat for 390 gold pieces
 26243 | Vaults:3 | Reached skill level 24 in Fighting
 26371 | Vaults:4 | Found Gozag's Antique Armour Shop.
 26392 | Vaults:4 | Noticed Bai Suzhen
 26394 | Vaults:4 | Found Gozag's Antique Weapon Boutique.
 26420 | Vaults:4 | Found an opulent altar of Gozag.
 26420 | Vaults:4 | Found Gozag's Antique Armour Boutique.
 26479 | Vaults:4 | Bought a pair of glowing boots for 750 gold pieces
 26538 | Vaults:4 | Killed Bai Suzhen
 26804 | Vaults:4 | Found Quruguc's Armour Shop.
 27385 | Vaults:4 | Lost mutation: You possess an exceptional clarity of mind.
                  | [Jiyva's grace]
 27385 | Vaults:4 | Lost mutation: You are somewhat resistant to both further
                  | mutation and mutation removal. [Jiyva's grace]
 27385 | Vaults:4 | Lost mutation: Armour fits poorly on your large pseudopods.
                  | [Jiyva's grace]
 27385 | Vaults:4 | Gained mutation: You have sharp toenails. [Jiyva's grace]
 27385 | Vaults:4 | Gained mutation: You have razor-sharp toenails. [Jiyva's
                  | grace]
 27385 | Vaults:4 | Gained mutation: You have claws for feet. [Jiyva's grace]
 27385 | Vaults:4 | Gained mutation: Your spells are a little harder to cast,
                  | but a little more powerful. [Jiyva's grace]
 27521 | Vaults:4 | Found Ulolomn's Jewellery Boutique.
 27697 | Vaults:3 | Reached skill level 25 in Fighting
 27721 | Vaults:3 | Identified the amulet "Trusted Companion" {Acrobat *Corrode
                  | Will+ Regen+}
 27866 | Vaults:3 | Reached XP level 22. HP: 226/226 MP: 43/43
 27888 | Vaults:3 | Found a staircase to the Crypt.
 28049 | Vaults:3 | Noticed Jory
 28239 | Vaults:3 | Reached skill level 26 in Fighting
 28400 | Vaults:3 | Killed Jory
 28584 | Vaults:3 | Noticed Mennas
 28610 | Vaults:3 | Killed Mennas
 28774 | Crypt:1  | Entered Level 1 of the Crypt
 28774 | Crypt:1  | Noticed Khufu
 28774 | Crypt:1  | Noticed a royal mummy
 28774 | Crypt:1  | Noticed a royal mummy
 28775 | Crypt:1  | Noticed a royal mummy
 28989 | Crypt:3  | Entered Level 3 of the Crypt
 29022 | Crypt:3  | Lost mutation: You have claws for feet. [Jiyva's grace]
 29022 | Crypt:3  | Lost mutation: Your mind is very acute. (Int +8, Str/Dex
                  | -2) [Jiyva's grace]
 29022 | Crypt:3  | Lost mutation: You are extremely strong-willed. (Will+++)
                  | [Jiyva's grace]
 29022 | Crypt:3  | Lost mutation: You are highly strong-willed. (Will++)
                  | [Jiyva's grace]
 29022 | Crypt:3  | Lost mutation: You are somewhat resistant to further
                  | mutation. [Jiyva's grace]
 29022 | Crypt:3  | Lost mutation: Your muscles are strong. (Str +4, Int/Dex
                  | -1) [Jiyva's grace]
 29022 | Crypt:3  | Lost mutation: Armour fits poorly on your pseudopods.
                  | [Jiyva's grace]
 29022 | Crypt:3  | Gained mutation: You are partially covered in iridescent
                  | scales. (AC +2) [Jiyva's grace]
 29022 | Crypt:3  | Gained mutation: You are mostly covered in iridescent
                  | scales. (AC +4) [Jiyva's grace]
 29022 | Crypt:3  | Gained mutation: You are completely covered in iridescent
                  | scales. (AC +6) [Jiyva's grace]
 29022 | Crypt:3  | Gained mutation: Your system is resistant to poisons.
                  | (rPois) [Jiyva's grace]
 29089 | Crypt:3  | Reached skill level 27 in Fighting
 29091 | Crypt:3  | Found a basalt altar of Yredelemnul.
 29392 | Crypt:3  | Found a staircase to the Tomb.
 29394 | Crypt:3  | Identified the +3 leather armour of Poheysaq {*Corrode
                  | Str+4}
 29396 | Crypt:3  | Found the +5 scythe "Finisher" {speed, execute}
 29399 | Crypt:3  | Got an ivory gem with 1220 turns to spare
 29448 | Crypt:3  | Identified the +10 rapier "Ledaer" {flame, rPois rN+ Will+
                  | SInv}
 29473 | Crypt:3  | Noticed a profane servitor
 29489 | Crypt:3  | Killed a profane servitor
 29693 | Crypt:3  | Identified the +1 halberd of the Owl {holy, rF+ Int+4}
 30165 | Crypt:2  | Reached XP level 23. HP: 233/234 MP: 45/45
 30354 | Crypt:2  | Reached skill level 15 in Armour
 30870 | Crypt:2  | Learned a level 4 spell: Dispel Undead
 30989 | Crypt:1  | Reached skill level 1 in Necromancy
 31651 | Vaults:2 | Reached skill level 15 in Spellcasting
 31676 | Vaults:2 | Killed Margery
 31829 | Vaults:2 | Lost mutation: You have razor-sharp toenails. [Jiyva's
                  | grace]
 31829 | Vaults:2 | Lost mutation: Your system is resistant to poisons. (rPois)
                  | [Jiyva's grace]
 31829 | Vaults:2 | Lost mutation: Your body has grown many eyes which may
                  | confuse attackers. (Acc +5) [Jiyva's grace]
 31829 | Vaults:2 | Gained mutation: You are agile. (Dex +4, Str/Int -1)
                  | [Jiyva's grace]
 31829 | Vaults:2 | Gained mutation: You are very agile. (Dex +8, Str/Int -2)
                  | [Jiyva's grace]
 31829 | Vaults:2 | Gained mutation: You have razor-sharp toenails. [Jiyva's
                  | grace]
 31829 | Vaults:2 | Gained mutation: You have claws for feet. [Jiyva's grace]
 32472 | Elf:1    | Entered Level 1 of the Elven Halls
 32481 | Elf:1    | Reached skill level 5 in Necromancy
 32535 | Elf:2    | Found Pasuligu's Jewellery Shoppe.
 32563 | Elf:2    | Found Pokilinann's Antique Weapon Shop.
 32770 | Elf:2    | Reached XP level 24. HP: 208/249 MP: 46/46
 32793 | Elf:2    | Got Buazofeiv's Annotations on Unified Necromantic Rites
 32804 | Elf:3    | Entered Level 3 of the Elven Halls
 32934 | Elf:3    | Paralysed by an air elemental for 1 turns
 33073 | Elf:3    | Identified the amulet of Qaav {Spirit Rampage ^Fragile
                  | Str+5 Int+4}
 33219 | Elf:3    | Identified the staff "Rakhor" {rF+ rN+ Int+3 Earth}
 33222 | Elf:3    | Identified the +1 scale mail of Jihiapn {Harm rCorr Dex+3}
 33250 | Elf:3    | Identified the ring of False Pretenses {rN++ Will+ Int+6
                  | Stlth-}
 33255 | Elf:3    | Identified the +4 mace "Weqom" {elec, rN++ Int-4}
 33282 | Elf:3    | Found the +15 Maxwell's patent armour {-Cast -Tele rElec
                  | Will+ rCorr}
 33298 | Elf:3    | Identified the +5 chain mail of Vintur {rF++ Regen+ Str+2}
 33363 | Elf:3    | Got a shimmering gem with 973 turns to spare
 33367 | Elf:3    | Identified the +7 sling "Xifuff" {heavy, rF+ rC+ MP-9
                  | Stlth+}
 33481 | Elf:3    | Identified the +7 falchion of Jaweluo {heavy, MP+9 Int+5}
 33577 | Elf:3    | Found Vuli's General Store.
 33701 | Elf:3    | Paralysed by an air elemental for 1 turns
 33959 | Elf:2    | Found Gudwot's Antique Weapon Boutique.
 33987 | Elf:2    | Paralysed by an air elemental for 1 turns
 34119 | Elf:2    | Paralysed by an air elemental for 1 turns
 34204 | Elf:2    | Found a runed translucent gate.
 34205 | Elf:2    | Found a runed translucent gate.
 34205 | Elf:2    | Found a runed translucent gate.
 34348 | Elf:2    | Lost mutation: You have claws for feet. [Jiyva's grace]
 34348 | Elf:2    | Lost mutation: You are completely covered in iridescent
                  | scales. (AC +6) [Jiyva's grace]
 34348 | Elf:2    | Lost mutation: You are very agile. (Dex +8, Str/Int -2)
                  | [Jiyva's grace]
 34348 | Elf:2    | Lost mutation: You are strong-willed. (Will+) [Jiyva's
                  | grace]
 34348 | Elf:2    | Lost mutation: Your translucent skin slightly reduces your
                  | foes' accuracy. (Stealth+) [Jiyva's grace]
 34348 | Elf:2    | Gained mutation: Your translucent skin slightly reduces
                  | your foes' accuracy. (Stealth+) [Jiyva's grace]
 34348 | Elf:2    | Gained mutation: Your translucent skin reduces your foes'
                  | accuracy. (Stealth+) [Jiyva's grace]
 34348 | Elf:2    | Gained mutation: Your transparent skin significantly
                  | reduces your foes' accuracy. (Stealth+) [Jiyva's grace]
 34348 | Elf:2    | Gained mutation: You are strong-willed. (Will+) [Jiyva's
                  | grace]
 34552 | Elf:1    | Found Elaipt's General Store.
 34555 | Elf:1    | Bought a scroll of enchant armour for 82 gold pieces
 34555 | Elf:1    | Bought a potion of curing for 33 gold pieces
 34603 | Elf:1    | Found Hocw's Antique Armour Shop.
 34606 | Elf:1    | Paralysed by an air elemental for 1 turns
 34781 | Elf:1    | Paralysed by an air elemental for 1 turns
 34829 | Elf:1    | Found Gej Tydat's Magic Scroll Shop.
 34833 | Elf:1    | Bought a scroll of teleportation for 30 gold pieces
 34833 | Elf:1    | Bought a scroll of enchant weapon for 75 gold pieces
 34833 | Elf:1    | Bought a scroll of blinking for 75 gold pieces
 34833 | Elf:1    | Bought a scroll of teleportation for 30 gold pieces
 34833 | Elf:1    | Bought a scroll of teleportation for 30 gold pieces
 34901 | Elf:1    | Paralysed by an air elemental for 1 turns
 35327 | Depths:1 | Entered Level 1 of the Depths
 35375 | Depths:4 | Entered Level 4 of the Depths
 35478 | Depths:4 | Noticed a juggernaut
 35494 | Depths:4 | Killed a juggernaut
 35552 | Depths:4 | Identified the +3 leather armour of Dice, Bag, and Bottle
                  | {rN+}
 35707 | Depths:4 | Identified the ring of Cyorr {Ice Will- Dex+2 SInv}
 35707 | Depths:4 | Noticed Josephina
 35728 | Depths:4 | Killed Josephina
 35799 | Depths:4 | Found a gate to the Realm of Zot.
 35807 | Depths:4 | Got a midnight gem with 2559 turns to spare
 35980 | Depths:4 | Reached XP level 25. HP: 195/257 MP: 47/47
 36018 | Depths:4 | Reached skill level 1 in Translocations
 36131 | Depths:4 | Found a gateway to Hell.
 36284 | Depths:4 | Found a sacrificial altar of Ru.
 36498 | Depths:3 | Found a one-way gateway to a ziggurat.
 36530 | Depths:3 | Noticed Norris
 36559 | Depths:3 | Killed Norris
 36587 | Depths:3 | Noticed Grunn
 36619 | Depths:3 | Killed Grunn
 36767 | Depths:3 | Lost mutation: You have razor-sharp toenails. [Jiyva's
                  | grace]
 36767 | Depths:3 | Lost mutation: You are mostly covered in iridescent scales.
                  | (AC +4) [Jiyva's grace]
 36767 | Depths:3 | Lost mutation: You are agile. (Dex +4, Str/Int -1) [Jiyva's
                  | grace]
 36767 | Depths:3 | Lost mutation: Your spells are a little harder to cast, but
                  | a little more powerful. [Jiyva's grace]
 36767 | Depths:3 | Lost mutation: Your transparent skin significantly reduces
                  | your foes' accuracy. (Stealth+) [Jiyva's grace]
 36767 | Depths:3 | Gained mutation: Your body has grown many eyes which may
                  | confuse attackers. (Acc +5) [Jiyva's grace]
 36767 | Depths:3 | Gained mutation: Your body is covered in eyes which may
                  | confuse attackers. (Acc +7, SInv) [Jiyva's grace]
 36767 | Depths:3 | Gained mutation: You have hidden genetic potential.
                  | [Jiyva's grace]
 36767 | Depths:3 | Gained mutation: You have great hidden genetic potential.
                  | [Jiyva's grace]
 36774 | Depths:3 | Found a transporter.
 36783 | Depths:3 | Reached skill level 5 in Translocations
 36798 | Depths:3 | Identified the ring of Vuen {rN+ Int+6}
 36877 | Depths:3 | Noticed an ancient lich
 36898 | Depths:3 | Killed an ancient lich
 36931 | Depths:3 | Found a transporter.
 36950 | Depths:3 | Noticed an ancient lich
 36972 | Depths:3 | Killed an ancient lich
 37005 | Depths:3 | Found Ruusotat's Distillery.
 37019 | Depths:3 | Bought a potion of curing for 63 gold pieces
 37019 | Depths:3 | Bought a potion of heal wounds for 105 gold pieces
 37019 | Depths:3 | Bought a potion of enlightenment for 105 gold pieces
 37192 | Depths:3 | Identified the ring "Iduar" {EV+5 Dex+4}
 37282 | Depths:3 | Found a one-way gate to the infinite horrors of the Abyss.
 37287 | Depths:3 | Identified the ring "Sulutes" {rPois rC++ Dex+3 SInv
                  | Stlth+}
 37490 | Depths:2 | Identified the +12 spear of Winter {freeze, ^Fragile rElec
                  | rF+++ Will-}
 37941 | Depths:1 | Reached XP level 26. HP: 201/266 MP: 47/47
 38033 | Depths:1 | Identified the +8 demon whip of Javyum {vamp, rF+ rCorr
                  | Str+4 SInv}
 38081 | Depths:1 | Found a hazy altar of Hepliaklqana.
 38207 | Depths:1 | Reached skill level 1 in Maces & Flails
 38446 | Depths:2 | Identified the ring of Ciuq Qyl {^Drain rF+ rN+ Slay+4
                  | Stlth+}
 38502 | Depths:2 | Reached skill level 5 in Maces & Flails
 38680 | Depths:2 | Identified the staff "Keschan" {rPois rF+ rCorr Str-4
                  | Stlth+ Alchemy}
 38721 | Depths:2 | Identified the amulet "Omeed" {Acrobat Fly Dex+3}
 38752 | Depths:2 | Identified the +2 chain mail of Marbles {+Inv}
 38820 | Depths:2 | Found a one-way gate leading to the halls of Pandemonium.
 38847 | Depths:2 | Found a sparkling altar of Nemelex Xobeh.
 38870 | Depths:2 | Learned a level 5 spell: Curse of Agony
 39014 | Depths:2 | Lost mutation: You have sharp toenails. [Jiyva's grace]
 39014 | Depths:2 | Lost mutation: You have acidic saliva. [Jiyva's grace]
 39014 | Depths:2 | Lost mutation: Your translucent skin reduces your foes'
                  | accuracy. (Stealth+) [Jiyva's grace]
 39014 | Depths:2 | Gained mutation: Your melee attacks may engulf your foes in
                  | ooze. [Jiyva's grace]
 39014 | Depths:2 | Gained mutation: You have a small jelly attached to you
                  | that senses nearby items. [Jiyva's grace]
 39014 | Depths:2 | Gained mutation: Your mind is very acute. (Int +8, Str/Dex
                  | -2) [Jiyva's grace]
 39014 | Depths:2 | Gained mutation: Your rubbery body absorbs attacks. (AC +1,
                  | EV +1) [Jiyva's grace]
 39115 | Depths:2 | Gained mutation: You expend magic power (3 MP) to
                  | strengthen your wands. [hidden potential]
 39180 | Depths:2 | Voluntarily entered the Abyss.
 39213 | Abyss:2  | Found a corrupted altar of Lugonu.
 39278 | Abyss:3  | Found a corrupted altar of Lugonu.
 39312 | Abyss:3  | Found a corrupted altar of Lugonu.
 39792 | Abyss:3  | Reached skill level 10 in Necromancy
 39866 | Abyss:3  | Lost mutation: You are partially covered in iridescent
                  | scales. (AC +2) [Jiyva's grace]
 39866 | Abyss:3  | Lost mutation: You have an increased reservoir of magic.
                  | (+10% MP) [Jiyva's grace]
 39866 | Abyss:3  | Lost mutation: You are strong-willed. (Will+) [Jiyva's
                  | grace]
 39866 | Abyss:3  | Lost mutation: Your body is covered in eyes which may
                  | confuse attackers. (Acc +7, SInv) [Jiyva's grace]
 39866 | Abyss:3  | Lost mutation: Your body has grown many eyes which may
                  | confuse attackers. (Acc +5) [Jiyva's grace]
 39866 | Abyss:3  | Lost mutation: Your body has grown eyes which may confuse
                  | attackers. (Acc +3) [Jiyva's grace]
 39866 | Abyss:3  | Gained mutation: Your muscles are strong. (Str +4, Int/Dex
                  | -1) [Jiyva's grace]
 39866 | Abyss:3  | Gained mutation: Your muscles are very strong. (Str +8,
                  | Int/Dex -2) [Jiyva's grace]
 39866 | Abyss:3  | Gained mutation: You are covered in slimy tendrils that may
                  | disarm your opponents. [Jiyva's grace]
 39866 | Abyss:3  | Gained mutation: Your flesh is cold resistant. (rC+)
                  | [Jiyva's grace]
 40049 | Abyss:3  | Found a corrupted altar of Lugonu.
 40068 | Abyss:3  | Got an abyssal rune of Zot
 40074 | Depths:2 | Escaped the Abyss
 40355 | Vaults:5 | Entered Level 5 of the Vaults
 40486 | Vaults:5 | Noticed a dread lich
 40503 | Vaults:5 | Killed a dread lich
 40504 | Vaults:5 | Reached XP level 27. HP: 266/273 MP: 43/43
 40680 | Vaults:5 | Got the Enchiridion on the Impure Voyage
 40933 | Vaults:5 | Learned a level 5 spell: Summon Forest
 40954 | Vaults:5 | Identified the +0 leather armour of Wu Jian's Favour {rC+
                  | rN+}
 40980 | Vaults:5 | Reached skill level 1 in Summonings
 41011 | Vaults:5 | Got a silver rune of Zot
 41040 | Vaults:5 | Noticed an ancient lich
 41066 | Vaults:5 | Killed an ancient lich
 41085 | Vaults:5 | Gained mutation: You have a pair of small horns on your
                  | head. [hidden potential]
 41085 | Vaults:5 | Lost mutation: You have great hidden genetic potential.
                  | [hidden potential expressed]
 41661 | Vaults:5 | Reached skill level 5 in Summonings
 42387 | Hell     | Entered the Vestibule of Hell
 42388 | Hell     | Noticed Geryon
 42435 | Hell     | Killed Geryon
 42706 | Hell     | Found a gateway to the decaying netherworld of Tartarus.
 42765 | Tar:1    | Entered Level 1 of Tartarus
 42778 | Tar:1    | Found a corrupted altar of Lugonu.
 43020 | Zig:1    | Entered Level 1 of a ziggurat
 43100 | Zig:2    | Entered Level 2 of a ziggurat
 43169 | Zig:3    | Entered Level 3 of a ziggurat
 43198 | Zig:4    | Entered Level 4 of a ziggurat
 43201 | Zig:4    | Noticed Giqy the pandemonium lord
 43228 | Zig:4    | Killed Giqy the pandemonium lord
 43247 | Zig:5    | Entered Level 5 of a ziggurat
 43294 | Zig:5    | Identified the ring "Ocoatior" {rPois rF+ rCorr Str+4}
 43351 | Zot:1    | Entered Level 1 of the Realm of Zot
 43374 | Zot:2    | Found a transporter.
 43562 | Zot:2    | Lost mutation: You have a pair of small horns on your head.
                  | [Jiyva's grace]
 43562 | Zot:2    | Lost mutation: Your mind is very acute. (Int +8, Str/Dex
                  | -2) [Jiyva's grace]
 43562 | Zot:2    | Lost mutation: Your rubbery body absorbs attacks. (AC +1,
                  | EV +1) [Jiyva's grace]
 43562 | Zot:2    | Lost mutation: You have hidden genetic potential. [Jiyva's
                  | grace]
 43562 | Zot:2    | Lost mutation: You have a small jelly attached to you that
                  | senses nearby items. [Jiyva's grace]
 43562 | Zot:2    | Gained mutation: You have a small jelly attached to you
                  | that may absorb projectiles. [Jiyva's grace]
 43562 | Zot:2    | Gained mutation: Your translucent skin reduces your foes'
                  | accuracy. (Stealth+) [Jiyva's grace]
 43562 | Zot:2    | Gained mutation: Your transparent skin significantly
                  | reduces your foes' accuracy. (Stealth+) [Jiyva's grace]
 43562 | Zot:2    | Gained mutation: You passively dampen the noise of your
                  | surroundings. [Jiyva's grace]
 43836 | Zot:2    | Gained mutation: Armour fits poorly on your strangely
                  | shaped body. [mutagenic glow]
 44051 | Zot:2    | Found a transporter.
 44469 | Zot:2    | Found the +0 mask of the Dragon {Will+ Slay+3 SInv}
 44640 | Zot:2    | Identified the orb of Indecent Exposure {*channel, Fly rC-
                  | Will++ Fire}
 44946 | Zot:3    | Reached skill level 10 in Summonings
 45081 | Zot:3    | Found a stormy altar of Qazlal.
 45974 | Zot:4    | Identified the +6 great mace "Leviticus" {distort, rCorr}
 46034 | Zot:4    | Lost mutation: Your transparent skin significantly reduces
                  | your foes' accuracy. (Stealth+) [Jiyva's grace]
 46034 | Zot:4    | Gained mutation: You are agile. (Dex +4, Str/Int -1)
                  | [Jiyva's grace]
 46034 | Zot:4    | Gained mutation: You are very agile. (Dex +8, Str/Int -2)
                  | [Jiyva's grace]
 46034 | Zot:4    | Gained mutation: You have very sharp teeth. [Jiyva's grace]
 46034 | Zot:4    | Gained mutation: You have extremely sharp teeth. [Jiyva's
                  | grace]
 46729 | Zot:4    | Identified the +6 lajatang "Kagougg" {flame, rC+ rN+
                  | Stlth+}
 47020 | Zot:5    | Entered Level 5 of the Realm of Zot
 48082 | Zot:5    | Noticed an orb of fire
 48082 | Zot:5    | Lost mutation: You have extremely sharp teeth. [an orb of
                  | fire]
 48095 | Zot:5    | Lost mutation: You are very agile. (Dex +8, Str/Int -2) [an
                  | orb of fire]
 48099 | Zot:5    | Gained mutation: Your body sometimes deteriorates upon
                  | taking damage. [an orb of fire]
 48099 | Zot:5    | Killed an orb of fire
 48460 | Zot:5    | Noticed an orb of fire
 48490 | Zot:5    | Gained mutation: Your spells are a little easier to cast,
                  | but a little less powerful. [an orb of fire]
 48495 | Zot:5    | Gained mutation: You are vulnerable to heat. (rF-) [an orb
                  | of fire]
 48500 | Zot:5    | Killed an orb of fire
 48501 | Zot:5    | Noticed an ancient lich
 48503 | Zot:5    | Slimified an ancient lich
 48503 | Zot:5    | an ancient lich changed into an azure jelly
 48568 | Zot:5    | Noticed an orb of fire
 48597 | Zot:5    | Killed an orb of fire
 48873 | Zot:5    | Got the Orb of Zot
 49099 | Zot:2    | Noticed Zoisk the pandemonium lord
 49169 | Depths:3 | Noticed Poebiem the pandemonium lord
 49618 | D:$      | Escaped with the Orb!

Illustrated notes

Levels and vault maps discovered:
D:1:      wander_arrival_chamber, layout_basic
D:2:      layout_loops_ring, minmay_fountain_box
D:3:      layout_basic, minmay_overflow_temple_star_quad,
          kennysheep_big_empty_room
D:4:      layout_loops_ring, portal_sewer_entry_a, minmay_misc_feat_alley
D:5:      layout_loops_ring, uniq_duvessa
D:6:      layout_rooms, vehumet_statue, nicolae_temple_entry_ecumenical,
          serial_shops, nicolae_shop_back_alley_shop, corexii_checkpoint,
          uniq_jeremiah, uniq_crazy_yiuf_cottage
D:7:      layout_loops_corners, ebering_ghost_reflecting_pool, minmay_holes
D:8:      layout_loops_ring, nicolae_wu_jian_wuxing_cycle,
          nicolae_shop_vocational
D:9:      layout_roguey, hellmonk_lair_entry_icy, serial_shops, shop,
          uniq_maurice
D:10:     layout_roguey [special_room_bee], gammafunk_temple_overflow_forgotten,
          kennysheep_orc_monster_closet_entryway, mrwooster_statue_mirror,
          minmay_hollow_rounded_squares
D:11:     layout_basic
D:12:     layout_rooms, gammafunk_ghost_arena, serial_park_tiny_1,
          grunt_dithmenos_shadows, uniq_frances
D:13:     layout_grid_maze, water_maze_lemuel
D:14:     layout_roguey, erik_vaults_2, gauntlet_entry_generic, uniq_nessos
D:15:     grunt_enter_depths_hoard, layout_stronghold,
          minmay_misc_feat_enclosed, serial_shops, nicolae_shop_back_alley_shop,
          nicolae_square_shop, uniq_azrael
Lair:1:   layout_layer_cave, infiniplex_staircase_pool
Lair:2:   layout_small_grid, nicolae_spider_entry_orb_guardian,
          ebering_ghost_rock_garden, hangedman_lair_generics_rect
Lair:3:   layout_regular_city, minmay_swamp_entry_worms,
          portal_ice_cave_entry_pillars_2, grunt_megastairs_1
Lair:4:   layout_hall_layers, slime_entry_1, chequers_serial_rivers_micro_d
Lair:5:   grunt_lair_end_beastmaster, layout_regular_city
Swamp:1:  layout_falls_marsh, lemuel_altar_in_water
Swamp:2:  layout_basic_swamp, nicolae_swamp_fairy_circle,
          nicolae_swamp_nymph_family_reunion, nicolae_swamp_tree_isthmus
Swamp:3:  layout_falls_marsh, evilmike_swamp_ruin_house_3,
          nicolae_swamp_decorative_isthmus, nicolae_swamp_long_stream,
          infiniplex_staircase_pool_2, uniq_louise
Swamp:4:  swamp, layout_basic_swamp
Spider:1: layout_chambers, hangedman_spider_tarantella_strand, uniq_agnes
Spider:2: layout_spider_delve
Spider:3: layout_cave_pods, uniq_mara, uniq_arachne, uniq_donald, uniq_nikola
Spider:4: spider_rune_water, uniq_aizul
Slime:1:  layout_caves, basic_altar
Slime:2:  layout_caves
Slime:3:  layout_caves, uniq_dissolution
Slime:4:  layout_caves
Slime:5:  slime_pit_nicolae_jellycorners
Orc:1:    layout_diamond_mine
Orc:2:    st_orc_ogre_mass, layout_diamond_mine,
          einodemon_armed_red_devil_minivault
Elf:1:    minmay_elf_arrival_summoners, layout_loops_cross, serial_shops,
          nicolae_take_the_stairs, nicolae_shop_rolled_up,
          nicolae_shop_statue_plus, nicolae_elf_crossing_hall
Elf:2:    nicolae_elf_blades_crystal_corner, layout_geoelf_octagon,
          serial_shops, shop, shop, nicolae_shop_tiny_statue_garden, drop_trap,
          minivault_8
Elf:3:    grunt_elf_hall_diamonds, layout_geoelf_castle, serial_shops, shop,
          dk_noncrumbling_3
Vaults:1: nicolae_vaults_big_angled_halls, minmay_guarded_unrand_guard_vaults,
          nicolae_vaults_little_squares_3, grunt_vaults_funnel,
          nicolae_vaults_storage_closets_3, v_misc_4,
          nicolae_vaults_weapon_check, vaults_room_pools, v_rooms_4, v_misc_12,
          nicolae_vaults_specimen_jars, layout_vaults_maze_bifur, serial_shops,
          nicolae_shop_trees, uniq_asterion, uniq_zenata
Vaults:2: v_misc_27, st_spiral_rooms, v_rooms_4, v_misc_26,
          grunt_vaults_bifocal, vaults_room_door_hall, ontoclasm_vaults_spin,
          vaults_room_door_hall, v_misc_22, vaults_room_hallway,
          grunt_vaults_focal, nicolae_vaults_ring_of_whatevers,
          layout_vaults_omnicross, serial_shops, nicolae_shop_hallway_stairs,
          uniq_margery
Vaults:3: minmay_crypt_entry_simple_statues, vaults_standard_mumra_lines,
          nicolae_vaults_surprise_closet, nicolae_vaults_corridor_and_loot_room,
          v_misc_3, v_misc_27, nicolae_vaults_network_square,
          layout_vaults_omnigrid, uniq_mennas, uniq_jory
Vaults:4: v_misc_27, v_misc_2, v_misc_18, nicolae_vaults_diamond_1,
          kennysheep_vaults_gozag_temple, vaults_mumra_minichess_inversion,
          nicolae_vaults_little_squares_1, nicolae_vaults_tetromino_L_2,
          vaults_dpeg_diagonal, hangedman_vaults_restitches,
          nicolae_vaults_theta, vaults_room_corners, nicolae_vaults_cochlea,
          nicolae_vaults_tetromino_Z_1, layout_vaults_chaotic_city,
          serial_shops, shop, nicolae_shop_stone, uniq_bai_suzhen
Vaults:5: serial_shops
Crypt:1:  layout_gridlike, uniq_khufu
Crypt:2:  layout_chaotic_city, beargit_guarded_unrand_captain_cutlass
Crypt:3:  grunt_crypt_end_deaths_head
Depths:1: layout_cave_pools, hellmouth_1, minmay_stone_trees_medium,
          nicolae_hepliaklqana_hazy_memory
Depths:2: minmay_the_grid_octo_tiled_squarecenter_mashed
          [minmay_the_grid_octo_pinwheel, minmay_the_grid_octo_chip,
          minmay_the_grid_octo_focus, minmay_the_grid_octo_77,
          minmay_the_grid_square_5x5_megaprize_diamond,
          minmay_the_grid_square_5x5_shrine1,
          minmay_the_grid_square_5x5_three_small,
          minmay_the_grid_square_5x5_longway,
          minmay_the_grid_square_5x5_minibox], layout_long_grid,
          pf_hell_entry_tar_spiral, hangedman_abyss_entry_splay, pan_entry,
          nemelex_spade_bored_becter, chequers_serial_rivers_small_a
Depths:3: hangedman_spin_cycle, hell_entry, abyss_entry, uniq_grunn, uniq_norris
Depths:4: grunt_zot_entry_gee_three, layout_twisted_cross, pf_coc_iceberg,
          lemuel_round_altar, uniq_josephina
Hell
Tar:1:    layout_catacombs, amcnicky_altar_lugonu_corruption
Tar:2:    layout_grid_maze
Tar:3:    layout_grid_maze, nicolae_tar_cuneiform_heaven
Zot:1:    layout_basic, regret_index_zotdec_serpentine_coiled, uniq_vv
Zot:2:    evilmike_crystal_ball_defense, layout_misc_corridors,
          grunt_ministairs_7, chequers_guarded_unrand_mask_of_the_dragon
Zot:3:    layout_concentric_octagons, regret_index_zotdec_storm_pass
Zot:4:    layout_cathedral_of_symmetry, grunt_megastairs_4
Zot:5:    layout_basic, uniq_tiamat

Skill      XL: |  1  2  3  4  5  6  7  8  9 10 11 12 13 14 15 16 17 18 19 20 21 22 23 24 25 26 27 |
---------------+----------------------------------------------------------------------------------+-----
Fighting       | 3 4 5 6 8 10 11 12 13 14 16 18 19 20 22 23 25 27 | 27.0
Armour         | 1 2 3 5 7 9 10 11 12 13 14 16 18 20 21 25 | 25.9
Axes           | 5 6 7 9 11 12 14 15 16 18 | 18.6
Unarmed Combat | 1 3 |  3.1
Shields        | 2 5 10 13 15 | 15.4
Dodging        | 4 5 6 |  6.6
Spellcasting   | 4 5 7 9 10 12 13 14 15 16 19 | 19.7
Stealth        | 4 5 |  5.3
Evocations     | 6 9 11 12 | 12.4
Necromancy     | 6 9 11 12 | 12.1
Translocations | 8 |  8.5
Maces & Flails | 7 |  7.6
Summonings     | 13 | 13.5
Conjurations   | |  3.3

Action                     |  1- 3 |  4- 6 |  7- 9 | 10-12 | 13-15 | 16-18 | 19-21 | 22-24 | 25-27 || total
---------------------------+-------+-------+-------+-------+-------+-------+-------+-------+-------++-------
  Melee: Hand axe          |    77 |    19 |   127 |       |       |       |       |       |       ||   223
         Dagger            |    79 |   246 |       |       |       |       |       |       |       ||   325
         Punch             |       |     2 |     7 |       |     1 |       |       |       |       ||    10
         War axe           |       |       |   203 |   399 |   734 |   946 |   300 |       |       ||  2582
         Kick              |       |       |       |       |   149 |    58 |    29 |   903 |       ||  1139
         Bite              |       |       |       |       |       |    73 |   155 |   426 |   425 ||  1079
         Broad axe         |       |       |       |       |       |       |  1203 |  2006 |   754 ||  3963
         Pseudopods        |       |       |       |       |       |       |   276 |    72 |       ||   348
         Demon whip        |       |       |       |       |       |       |       |       |  3416 ||  3416
         Headbutt          |       |       |       |       |       |       |       |       |   271 ||   271
  Throw: Dart              |       |     7 |       |       |     1 |     1 |       |     1 |       ||    10
         Throwing net      |       |       |       |       |     1 |     3 |     4 |     1 |     2 ||    11
   Cast: Kiss of Death     |       |     1 |       |       |       |       |       |       |       ||     1
         Summon Forest     |       |       |       |       |       |       |       |       |     2 ||     2
 Invoke: Oozemancy         |       |       |       |       |     4 |    11 |     8 |    11 |    12 ||    46
         Slimify           |       |       |       |       |       |       |       |       |     1 ||     1
  Evoke: Wand              |       |     2 |     8 |    21 |     5 |       |     1 |     8 |    21 ||    66
         Lightning rod     |       |       |       |       |     9 |     4 |       |     8 |       ||    21
         Phial of floods   |       |       |       |       |     1 |       |       |     1 |       ||     2
         Tin of tremorston |       |       |       |       |     2 |     2 |     4 |     4 |     7 ||    19
         Phantom mirror    |       |       |       |       |       |     1 |       |     2 |       ||     3
         Box of beasts     |       |       |       |       |       |       |     1 |     1 |     1 ||     3
         Horn of Geryon    |       |       |       |       |       |       |       |       |     1 ||     1
    Use: Scroll            |     7 |     7 |     8 |     3 |     6 |     5 |     7 |    15 |    20 ||    78
         Potion            |       |     5 |     9 |     3 |     3 |     5 |     9 |     5 |    15 ||    54
   Stab: Invisible         |       |       |     2 |       |       |    11 |     3 |       |       ||    16
         Paralysed         |       |       |       |     7 |     5 |       |     2 |       |     2 ||    16
         Confused          |       |       |       |     3 |    19 |    54 |    89 |    33 |    39 ||   237
         Petrified         |       |       |       |       |       |    10 |       |       |       ||    10
         Petrifying        |       |       |       |       |       |     2 |       |       |       ||     2
         Held in net/web   |       |       |       |       |       |     3 |     2 |     1 |     5 ||    11
         Distracted        |       |       |       |       |       |       |       |     2 |     2 ||     4
 Armour: Leather armour    |   103 |   142 |   107 |       |       |       |       |       |       ||   352
         Crystal plate arm |       |       |   289 |   440 |   382 |   764 |  1499 |  1561 |   640 ||  5575
         Skin              |       |       |       |    56 |       |       |       |       |       ||    56
         Gold dragon scale |       |       |       |       |       |       |       |       |  1571 ||  1571
         Plate armour      |       |       |       |       |       |       |       |       |   176 ||   176
  Dodge: Dodged            |   101 |   164 |    91 |    70 |   112 |   183 |   477 |   552 |   835 ||  2585
  Block: Kite shield       |       |       |       |   137 |   455 |   854 |  1420 |  1745 |  3006 ||  7617
         Reflection        |       |       |       |       |       |       |       |    27 |    67 ||    94
